Map: Pillars of Gold LE

Players

JonSnow - Winner!

  • Race: Zerg Zerg
  • League: Grandmaster
  • Spawn Location: 7:00

DisK

  • Race: Protoss Protoss
  • Spawn Location: 1:00

Event: DreamHack SC2 Masters 2020 Winter

VOD

Have the link to the VOD?

Description

Time

  • Played on: Oct. 29, 2020, 3:46 p.m.
  • Length: 15:29

All games in this series

Show
View Real Time Build Order
Export as new Build Order

JonSnow Zerg - Winner!

Build Orders: Hatch First 

Get SALT Encoding   

  12  0:01  Drone  
  13  0:13  Overlord  
  13  0:19  Drone  
  14  0:31  Drone x2  
  16  0:50  Hatchery  
  16  0:53  Drone  
  16  0:56  Drone  
  17  1:00  Drone  
  18  1:04  Extractor  
  18  1:09  Drone  
  18  1:22  Spawning Pool  
  17  1:25  Drone  
  17  1:32  Drone  
  19  1:44  Drone  
  20  1:55  Overlord  
  20  2:08  Metabolic Boost  
  20  2:09  Queen x2  
  20  2:11  Zergling x2  
  20  2:14  Zergling x2  
  26  2:18  Drone  
  26  2:21  Drone  
  28  2:33  Drone  
  29  2:48  Roach Warren  
  28  2:54  Hatchery  
  27  3:05  Overlord  
  27  3:09  Drone  
  27  3:10  Drone  
  27  3:27  Roach  
  27  3:28  Roach x3  
  27  3:31  Roach  
  36  3:42  Roach  
  36  3:44  Overlord  
  38  3:49  Zergling x4  
  38  3:52  Zergling x2  
  38  3:55  Ravager  
  42  4:02  Zergling x2  
  43  4:03  Zergling x4  
  43  4:07  Ravager  
  46  4:11  Zergling x6  
  46  4:16  Zergling x2  
  50  4:37  Zergling x2  
  50  4:38  Zergling x14  
  52  4:49  Drone  
  52  4:50  Drone x2  
  39  5:00  Drone x4  
  39  5:02  Drone  
  42  5:18  Spore Crawler x2  
  42  5:19  Spore Crawler  
  35  5:24  Drone  
  35  5:28  Drone x2  
  38  5:30  Drone  
  38  5:31  Drone x2  
  40  5:41  Queen  
  41  5:44  Roach x2  
  42  5:50  Roach  
  42  5:51  Roach  
  46  5:57  Roach x2  
  46  6:02  Drone  
  46  6:03  Drone x3  
  54  6:05  Drone  
  52  6:12  Drone x3  
  52  6:15  Drone x2  
  57  6:26  Lair  
  57  6:31  Extractor  
  57  6:32  Extractor, Queen  
  57  6:34  Overlord  
  57  6:36  Evolution Chamber  
  56  6:43  Drone x2  
  58  6:51  Overlord  
  58  6:54  Zergling x4  
  58  6:55  Zergling x8  
  58  6:56  Drone x2  
  66  7:04  Zerg Missile Weapons Level 1  
  66  7:15  Roach x4  
  71  7:19  Roach x3  
  71  7:20  Zergling x2  
  73  7:24  Overseer, Glial Reconstitution  
  73  7:31  Queen  
  72  7:40  Drone x3  
  74  7:52  Overlord x3  
  74  7:54  Overlord  
  74  8:10  Overlord  
  74  8:12  Drone x6  
  80  8:14  Drone  
  80  8:15  Drone  
  81  8:24  Drone  
  81  8:25  Drone x2  
  81  8:26  Drone x2  
  86  8:27  Drone  
  87  8:34  Extractor x2  
  85  8:41  Overlord  
  85  8:43  Overlord  
  85  8:44  Drone x4  
  89  8:53  Roach x3  
  95  8:58  Roach  
  95  9:00  Zerg Missile Weapons Level 2  
  95  9:01  Drone  
  95  9:02  Spire  
  97  9:04  Drone x2  
  97  9:06  Extractor  
  97  9:07  Drone x2  
  100  9:13  Drone x3  
  103  9:19  Drone x2  
  103  9:22  Drone  
  106  9:31  Ravager  
  107  9:37  Queen  
  109  9:39  Hatchery, Overlord  
  109  9:40  Overlord  
  108  9:48  Zergling x12  
  108  9:51  Overlord  
  114  9:56  Overlord x2  
  114  9:57  Overlord  
  114  10:09  Ravager  
  115  10:14  Mutalisk x8  
  115  10:15  Mutalisk  
  115  10:20  Mutalisk  
  135  10:27  Mutalisk x4  
  142  10:33  Mutalisk  
  142  10:34  Mutalisk  
  146  10:39  Zergling x10  
  151  10:43  Zergling x2  
  151  10:45  Ravager  
  151  10:46  Ravager  
  152  10:51  Zergling x6  
  152  10:55  Spine Crawler  
  152  10:56  Spine Crawler x2, Ravager  
  153  10:57  Ravager x2  
  153  11:01  Zergling x8  
  153  11:02  Zergling x6  
  158  11:06  Ravager x2  
  158  11:11  Overlord x3  
  148  11:24  Overlord  
  141  11:27  Overlord  
  141  11:28  Overlord  
  141  11:39  Zerg Melee Weapons Level 1  
  139  11:41  Baneling Nest  
  136  11:52  Hatchery  
  136  11:53  Mutalisk  
  136  11:54  Mutalisk x5  
  132  12:00  Mutalisk  
  130  12:10  Drone x8  
  134  12:18  Hatchery  
  134  12:20  Mutalisk  
  134  12:21  Mutalisk x2  
  138  12:25  Drone  
  138  12:26  Drone  
  140  12:31  Centrifical Hooks  
  140  12:36  Zergling x16  
  146  12:48  Zergling x16  
  146  12:50  Overseer  
  148  12:55  Zergling x4  
  150  13:00  Zergling x4  
  150  13:01  Zergling x8  
  152  13:07  Mutalisk  
  152  13:08  Mutalisk x2  
  156  13:13  Drone x4  
  156  13:15  Drone  
  156  13:16  Drone  
  162  13:22  Baneling x2  
  162  13:23  Baneling x5  
  162  13:33  Mutalisk x4, Zerg Flyer Weapons Level 1  
  166  13:45  Drone  
  166  13:46  Drone x4  
  170  13:56  Zergling x4  
  170  13:57  Extractor, Zergling x26  
  170  14:01  Extractor  
  183  14:11  Zergling x16  
  183  14:14  Spore Crawler  
  190  14:19  Spine Crawler  
  190  14:21  Spine Crawler  
  188  14:24  Infestation Pit  
  188  14:28  Baneling x8  
  188  14:29  Baneling  
  178  14:44  Zergling x40  
  185  14:51  Mutalisk x3  
  191  14:55  Drone x2  
  193  15:00  Mutalisk x3  
  193  15:06  Baneling x15  
Show
View Real Time Build Order
Export as new Build Order

DisK Protoss 

Build Orders: 1 Gate Expand, Zealot Archon, Dark Templar Rush 

Get SALT Encoding   

  12  0:00  Probe  
  13  0:12  Probe  
  14  0:19  Pylon  
  14  0:24  Probe  
  15  0:37  Probe (Chrono Boost)  
  15  0:38  Gateway  
  16  0:47  Probe (Chrono Boost)  
  16  0:48  Assimilator  
  17  0:52  Probe (Chrono Boost)  
  18  1:04  Probe  
  19  1:16  Probe  
  20  1:27  Nexus  
  20  1:35  Cybernetics Core  
  20  1:38  Probe  
  21  1:45  Assimilator  
  21  1:50  Probe  
  22  1:54  Pylon  
  22  2:02  Probe (Chrono Boost)  
  23  2:10  Adept (Chrono Boost)  
  23  2:11  Warp Gate  
  23  2:14  Probe (Chrono Boost)  
  26  2:19  Probe (Chrono Boost)  
  27  2:25  Twilight Council  
  28  2:30  Probe  
  28  2:33  Stalker (Chrono Boost)  
  30  2:42  Pylon  
  30  2:46  Probe  
  30  2:49  Probe  
  32  2:58  Probe  
  32  2:59  Robotics Facility  
  32  3:02  Probe  
  34  3:10  Probe  
  35  3:14  Gateway, Probe  
  34  3:20  Adept  
  34  3:23  Probe  
  34  3:25  Dark Shrine  
  37  3:28  Probe  
  38  3:35  Shield Battery  
  38  3:40  Probe  
  39  3:44  Gateway  
  39  3:48  Gateway  
  39  3:54  Warp Prism (Chrono Boost)  
  41  3:58  Probe  
  41  4:00  Probe  
  43  4:04  Assimilator  
  43  4:06  Assimilator  
  43  4:10  Pylon  
  43  4:14  Probe x2  
  45  4:23  Pylon  
  45  4:26  Probe  
  46  4:38  Dark Templar x3  
  48  4:46  Zealot  
  48  4:48  Probe  
  34  5:04  Probe x2  
  34  5:16  Zealot x2  
  37  5:29  Probe x2  
  38  5:39  Pylon  
  37  5:44  Probe x2  
  36  5:55  Dark Templar  
  36  5:56  Probe (Chrono Boost)  
  36  5:57  Probe (Chrono Boost)  
  40  6:06  Probe x2 (Chrono Boost)  
  40  6:11  Probe (Chrono Boost)  
  42  6:12  Probe  
  44  6:25  Adept  
  46  6:26  Probe x2 (Chrono Boost)  
  48  6:35  Probe (Chrono Boost)  
  48  6:36  Probe (Chrono Boost)  
  50  6:40  Archon  
  50  6:43  Probe (Chrono Boost)  
  50  6:44  Archon  
  50  6:45  Probe (Chrono Boost)  
  52  6:51  Probe (Chrono Boost)  
  52  6:52  Pylon  
  54  6:54  Probe (Chrono Boost)  
  54  6:57  Probe (Chrono Boost), Sentry x2  
  54  7:00  Dark Templar  
  62  7:10  Probe (Chrono Boost)  
  62  7:12  Probe (Chrono Boost)  
  63  7:17  Probe (Chrono Boost)  
  63  7:18  Probe (Chrono Boost)  
  65  7:24  Nexus  
  65  7:26  Pylon, Probe  
  65  7:28  Pylon, Probe  
  67  7:38  Probe  
  67  7:41  Probe  
  67  7:44  Immortal (Chrono Boost)  
  69  7:50  Probe  
  72  7:52  Sentry x2  
  72  7:53  Probe  
  72  7:54  Pylon  
  77  8:03  Probe  
  77  8:04  Blink (Chrono Boost)  
  78  8:07  Gateway  
  78  8:08  Gateway  
  78  8:12  Probe  
  79  8:15  Probe  
  80  8:20  Robotics Bay  
  80  8:23  Shield Battery  
  80  8:25  Shield Battery  
  80  8:32  Stalker x2  
  84  8:39  Stalker x2  
  88  8:43  Probe x2  
  88  8:44  Probe  
  91  8:49  Robotics Facility  
  91  8:55  Probe x2  
  93  8:59  Stalker  
  95  9:05  Probe  
  95  9:07  Probe x2  
  95  9:08  Pylon  
  95  9:09  Stalker  
  96  9:17  Disruptor (Chrono Boost)  
  96  9:20  Stalker  
  101  9:25  Pylon x2  
  101  9:36  Shield Battery  
  101  9:38  Stalker, Shield Battery  
  101  9:39  Stalker  
  101  9:43  Disruptor (Chrono Boost)  
  105  9:47  Disruptor (Chrono Boost)  
  105  9:48  Stalker x3  
  117  9:59  Stalker  
  119  10:04  Probe x3  
  122  10:08  Assimilator x2  
  122  10:12  Forge, Disruptor  
  125  10:17  Pylon  
  125  10:18  Pylon  
  125  10:19  Pylon  
  125  10:36  Stalker x5  
  125  10:38  Stalker  
  138  10:42  Observer  
  138  11:00  Gateway  
  138  11:01  Stalker  
  138  11:02  Stalker x4, Gateway  
  148  11:07  Stalker  
  138  11:25  Stalker x3  
  134  11:36  Stalker  
  127  11:50  Dark Templar x2  
  127  11:51  Zealot  
  117  12:04  Probe x3  
  119  12:16  Probe x3 (Chrono Boost)  
  122  12:28  Probe x3 (Chrono Boost)  
  125  12:30  Archon, Pylon  
  125  12:31  Pylon  
  125  12:37  Photon Cannon  
  125  12:40  Photon Cannon  
  125  12:47  Probe  
  125  12:48  Probe x2  
  121  12:52  Dark Templar  
  121  12:53  Dark Templar x2  
  115  12:59  Probe (Chrono Boost)  
  115  13:00  Probe (Chrono Boost)  
  115  13:03  Protoss Ground Weapons Level 1 (Chrono Boost)  
  115  13:09  Probe (Chrono Boost)  
  115  13:11  Probe (Chrono Boost)  
  115  13:12  Probe (Chrono Boost)  
  117  13:18  Stalker x3  
  117  13:19  Probe (Chrono Boost)  
  124  13:20  Stalker x2  
  124  13:21  Probe x2 (Chrono Boost)  
  124  13:24  Probe (Chrono Boost)  
  131  13:28  Probe  
  131  13:29  Probe  
  133  13:36  Probe  
  133  13:41  Disruptor x2  
  134  13:45  Probe x2  
  140  13:52  Pylon x2  
  140  13:53  Pylon  
  140  14:02  Shield Battery  
  140  14:04  Shield Battery  
  136  14:14  Nexus  
  136  14:16  Stalker x3  
  142  14:20  Disruptor  
  145  14:30  Dark Templar  
  132  14:48  Disruptor  
  132  14:50  Stalker x3  
  132  14:51  Stalker x4  
  149  15:03  Stalker  
Tags
 
Add a new tag
Caveats
  • Supply blocks, unpowered buildings, or Contaminate may cause inaccurate times.
  • Supply counts are checked every 10 seconds.